 Dungeon Crawl Stone Soup version 0.19-a0-36-g4a0968a (webtiles) character file.

67 Steelers13 the Skirmisher (level 3, -3/34 HPs)
             Began as a Minotaur Berserker on May 3, 2016.
             Was a Believer of Trog.
             Slain by a gnoll
             ... wielding a +0 spear
              (6 damage)
             ... on level 2 of the Dungeon.
             The game lasted 00:08:52 (998 turns).

Steelers13 the Skirmisher (Minotaur Berserker)       Turns: 998, Time: 00:08:57

Health: -3/34      AC:  5    Str: 21    XL:     3   Next: 98%
Magic:  2/2        EV: 12    Int:  4    God:    Trog [**....]
Gold:   47         SH:  0    Dex: 10    Spells: 0 memorised, 2 levels left

rFire  . . .     SeeInvis .     a - +0 hand axe
rCold  . . .     Gourm    .     j - +0 ring mail
rNeg   . . .     Faith    .     (no shield)
rPois  .         Spirit   .     (helmet restricted)
rElec  .         Dismiss  .     (no cloak)
rCorr  .         Reflect  .     (no gloves)
SustAt .         Harm     .     (no boots)
MR     .....                    (no amulet)
Stlth  ..........               (no ring)
                                (no ring)

@: not resistant to hostile enchantments, extremely unstealthy
A: retaliatory headbutt, horns 2
a: Berserk, Trog's Hand, Burn Spellbooks, Renounce Religion


You were on level 2 of the Dungeon.
You worshipped Trog.
Trog was pleased with you.
You were not hungry.

You visited 1 branch of the dungeon, and saw 2 of its levels.

You collected 47 gold pieces.

Inventory:

Hand Weapons
 a - a +0 hand axe (weapon)
 n - a +0 mace
Armour
 b - a +0 animal skin
 j - a +0 ring mail (worn)
Scrolls
 d - a scroll of recharging {unknown}
 h - a scroll of remove curse {unknown}
 k - a scroll of immolation {unknown}
 l - a scroll of blinking {unknown}
 m - a scroll of identify {unknown}
Potions
 e - a potion of lignification {unknown}
 g - a potion of flight {unknown}
 p - a potion of curing {unknown}
Comestibles
 c - 5 bread rations
 f - a meat ration
 o - 6 chunks of flesh
 q - an inedible chunk of flesh


   Skills:
 + Level 4.4 Fighting
 + Level 4.3 Axes
 + Level 2.7 Armour
 + Level 3.2 Dodging


You had 2 spell levels left.
You didn't know any spells.

Dungeon Overview and Level Annotations

Branches:
Dungeon (2/15)

Altars:
Ashenzari


Innate Abilities, Weirdness & Mutations

You reflexively headbutt those who attack you in melee.
You have a pair of horns on your head.


Message History

The gnoll hits you from afar with a spear.
You slash the gnoll!
The gnoll is severely wounded.
The gnoll hits you with a flail. The gnoll closely misses you.
The gnoll hits you from afar with a spear.
* * * LOW HITPOINT WARNING * * *
You closely miss the gnoll.
The gnoll is heavily wounded.
You closely miss the gnoll. The gnoll misses you. The gnoll closely misses you.
You furiously retaliate!
You headbutt the gnoll. The gnoll closely misses you.
The gnoll hits you from afar with a spear!
* * * LOW HITPOINT WARNING * * *
You hit the gnoll. You headbutt the gnoll.
You kill the gnoll!
Trog accepts your kill.
You hit the gnoll.
The gnoll is heavily wounded.
The gnoll barely misses you. The gnoll misses you.
The gnoll hits you from afar with a spear.
You die...

#..###.....#.
.............
##..##.##..## #######
##.##.#<.... .......
#..#.###.## .......
##.#.# #.#
.....[.###+###....# #.#
.....gg.....##.#..###.#
......)@.....#.#....#.##
.....g.†.......#..#.#...
...............#..#...#.
.......###.....#...##.#'
!...... #.....#........
....... #....÷#........
....... #######........
....... #.........
####......


You could see 3 gnolls.

Vanquished Creatures
  A gnoll (D:2)
  2 adders
  2 worms (D:2)
  4 giant cockroaches (D:1)
  4 goblins
  5 hobgoblins (D:1)
  2 jackals (D:1)
  3 bats
  2 giant newts (D:1)
  7 kobolds
  A rat (D:1)
33 creatures vanquished.

Notes
Turn   | Place    | Note
--------------------------------------------------------------
     0 | D:1      | Steelers13 the Minotaur Berserker began the quest for the Orb.
     0 | D:1      | Reached XP level 1. HP: 19/19 MP: 0/0
   113 | D:1      | Reached XP level 2. HP: 27/27 MP: 1/1
   497 | D:1      | Reached ** piety under Trog
   605 | D:1      | Found a shattered altar of Ashenzari.
   755 | D:1      | Reached XP level 3. HP: 34/34 MP: 2/2
   998 | D:2      | Slain by a gnoll

Vault maps used:
D:1:      saegor_arrival_simple_c, ashenzari_altar_1

Skill      XL: |  1  2  3 |
---------------+----------+-----
Fighting       | 4 |  4.4
Axes           | 4 |  4.3
Dodging        | 3 |  3.2
Armour         | |  2.7

Action                   || total
-------------------------++-------
Melee: Hand axe          ||    80
       Headbutt          ||    10
Armor: Animal skin       ||    14
       Ring mail         ||    16
Dodge: Dodged            ||    94
